 Dungeon Crawl Stone Soup version 0.26-a0-376-g13fbb91ece (webtiles) character file.

Game seed: 18413435381219026443

(classic levelgen) 340244 EnegeticOcto the Brawler (level 20, -1/266 HPs)
             Began as a Troll Venom Mage on July 19, 2020.
             Was a High Priest of Cheibriados.
             Killed from afar by an ancient lich (83 damage)
             ... with a crystal spear
             ... on level 5 of the Vaults on July 20, 2020.
             The game lasted 02:16:54 (17976 turns).

EnegeticOcto the Brawler (Troll Venom Mage)        Turns: 17976, Time: 02:16:55

Health: -1/266     AC: 29    Str: 26 (27) XL:     20   Next: 68%
Magic:  28/28      EV: 15    Int: 34      God:    Cheibriados [*****.]
Gold:   4512       SH: 28    Dex: 18      Spells: 4/27 levels left

rFire    + + .     SeeInvis +     - Unarmed
rCold    + . .     Faith    .   l - +7 tower shield {reflect}
rNeg     + . .     Spirit   .   (armour currently unavailable)
rPois    ∞         Reflect  +   M - +2 hat
rElec    +         Harm     .   I - scarf {rC+ rF+}
rCorr    .                      (gloves unavailable)
MR       ++...                  (boots unavailable)
Stlth    ++........             j - amulet of regeneration
HPRegen  1.34/turn              g - ring of protection from magic
MPRegen  0.21/turn              J - ring "Pumedir" {rPois rF+ Str-4 Int+5 SInv}

@: about to teleport, statue-form, studying Unarmed Combat, very slow
A: large, unfitting armour, claws 3, clumsy 2, deterioration 1, regeneration 1,
weak 1
}: 3/15 runes: decaying, slimy, gossamer
a: End Transformation, Bend Time, Temporal Distortion, Slouch, Step From Time,
Renounce Religion


You were on level 5 of the Vaults.
You worshipped Cheibriados.
Cheibriados was extremely pleased with you.
You were a stone statue.
You visited 9 branches of the dungeon, and saw 45 of its levels.
You visited the Abyss 1 time.
You also visited: Sewer, Bailey, Gauntlet, Ice Cave and Volcano.

You collected 5748 gold pieces.
You spent 1236 gold pieces at shops.

Inventory:

Missiles
 C - 7 curare-tipped darts
 H - a throwing net (quivered) {!f}
 O - 14 javelins
Armour
 l - a +7 tower shield of reflection (worn)
 F - a +3 troll leather armour (melded)
 I - a scarf of resistance (worn)
 M - a +2 hat (worn)
 Y - the +1 robe of Repulsion {Int+5 Stlth-}
   (You found it on level 3 of the Swamp)

   It affects your intelligence (+5).
   It makes you less stealthy.
 Z - the +2 ratskin cloak {+Rats rPois rN+ Str-1 Int-1 Dex+1}
   (You found it on level 3 of the Elven Halls)

   It affects your strength (-1).
   It affects your intelligence (-1).
   It affects your dexterity (+1).
   It protects you from poison.
   It protects you from negative energy.
Magical Staves
 Q - an uncursed staff of wizardry
Jewellery
 b - an uncursed ring of wizardry
 g - a ring of protection from magic (left claw)
 j - an amulet of regeneration (around neck)
 p - an uncursed ring of positive energy
 w - the ring "Loxin" {rElec rC+ Str+4 Int+2}
   (You found it on level 5 of the Pits of Slime)

   [ring of protection from cold]

   It affects your strength (+4).
   It affects your intelligence (+2).
   It protects you from cold.
   It insulates you from electricity.
 J - the ring "Pumedir" (right claw) {rPois rF+ Str-4 Int+5 SInv}
   (You found it in a Gauntlet)

   [ring of protection from fire]

   It affects your strength (-4).
   It affects your intelligence (+5).
   It protects you from fire.
   It protects you from poison.
   It lets you see invisible.
 V - an uncursed ring of resist corrosion
Wands
 k - a wand of flame (13) {@v4}
 r - a wand of polymorph (59)
 E - a wand of iceblast (7) {@v2}
 P - a wand of disintegration (9)
 S - a wand of digging (3) {@v3}
 X - a wand of paralysis (36)
Scrolls
 c - 13 scrolls of identify {@r1}
 e - a scroll of silence
 f - 7 scrolls of remove curse {@r2}
 h - a scroll of blinking {@r4}
 m - 2 scrolls of immolation
 n - 10 scrolls of fog {!r}
 o - 10 scrolls of teleportation {@r3 !r}
 q - 3 scrolls of magic mapping {@r5 !r}
 x - 4 scrolls of amnesia
 y - 4 scrolls of fear {!r}
Potions
 a - 2 potions of invisibility
 s - 5 potions of cancellation
 t - 8 potions of curing {@q1 !q}
 u - 7 potions of magic
 v - 4 potions of brilliance
 z - 6 potions of ambrosia
 A - a potion of heal wounds {@q2 !q}
 K - 2 potions of resistance
 L - 9 potions of mutation
 N - 2 potions of stabbing {@q5 !q}
 T - 3 potions of flight
 U - 5 potions of might {@q3 !q}
 W - 2 potions of lignification {@q6}
Books
 R - a manual of Unarmed Combat
Miscellaneous
 d - a phial of floods
 i - a tin of tremorstones (3/3)
 B - a box of beasts
 G - a phantom mirror


   Skills:
 + Level 13.9 Fighting
 - Level 4.1 Staves
 + Level 7.8 Dodging
 - Level 1.0 Stealth
 - Level 15.0 Shields
 + Level 16.3 Unarmed Combat
 + Level 4.2 Spellcasting
 + Level 3.3 Summonings
 + Level 3.3 Translocations
 - Level 7.0 Transmutations
 + Level 12.0 Earth Magic
   Level 4.0 Poison Magic
 - Level 12.0 Invocations
 - Level 4.0 Evocations


You had 4 spell levels left.
You knew the following spells:

 Your Spells              Type           Power        Failure   Level
d - Statue Form           Tmut/Erth      ######...    14%         6
f - Lee's Rapid Deconstr  Erth           ######....   1%          5
m - Summon Forest         Summ/Tloc      ####......   34%         5
p - Passwall              Tmut/Erth      ######..     1%          2
q - Irradiate             Conj/Tmut      ####......   32%         5

Your spell library contained the following spells:

 Spells                   Type           Power        Failure   Level
 Sandblast                Erth           ######       1%          1
 Sting                    Tmut/Pois      ####         1%          1
 Summon Small Mammal      Summ           ####         1%          1
 Call Imp                 Summ           ####....     1%          2
 Stone Arrow              Conj/Erth      #####.       1%          3
 Petrify                  Tmut/Erth      ######..     1%          4
 Poisonous Vapours        Pois/Air       ###...       3%          2
 Call Canine Familiar     Summ           ####....     3%          3
 Gell's Gravitas          Tloc           ####......   3%          3
 Ignite Poison            Fire/Tmut/Pois ####....     3%          3
 Animate Skeleton         Necr           #.....       4%          1
 Foxfire                  Conj/Fire      #...         4%          1
 Pain                     Necr           #...         4%          1
 Summon Guardian Golem    Hex/Summ       ###.....     8%          3
 Mephitic Cloud           Conj/Pois/Air  ###.....     9%          3
 Olgreb's Toxic Radiance  Pois           ####....     10%         4
 Confusing Touch          Hex            #.......     14%         3
 Conjure Flame            Conj/Fire      #.......     14%         3
 Inner Flame              Hex/Fire       #.......     14%         3
 Static Discharge         Conj/Air       #.......     14%         3
 Vampiric Draining        Necr           #.........   14%         3
 Summon Ice Beast         Ice/Summ       ###.....     24%         4
 Summon Lightning Spire   Summ/Air       ###.....     24%         4
 Animate Dead             Necr           #.........   43%         4
 Sticky Flame             Conj/Fire      #.......     43%         4
 Borgnjor's Vile Clutch   Necr/Erth      #####.....   11%         5
 Yara's Violent Unravell  Hex/Tmut       ####......   32%         5
 Summon Demon             Summ           ####......   34%         5
 Hydra Form               Tmut           ######....   38%         6
 Summon Mana Viper        Hex/Summ       ###.....     56%         5
 Agony                    Necr           #.......     80%         5
 Fireball                 Conj/Fire      #.........   80%         5
 Lightning Bolt           Conj/Air       #.........   80%         5
 Metabolic Englaciation   Hex/Ice        #.........   80%         5
 Shadow Creatures         Summ           N/A          88%         6
 Dragon Form              Tmut           ######....   93%         7
 Conjure Ball Lightning   Conj/Air       #.........   100%        6
 Freezing Cloud           Conj/Ice/Air   #.........   100%        6
 Summon Hydra             Summ           ####......   100%        7
 Ignition                 Fire           #.........   100%        8
 Shatter                  Erth           ######....   100%        9
 Tornado                  Air            #.........   100%        9


Dungeon Overview and Level Annotations

Branches:
Dungeon (15/15)            Temple (1/1) D:6            Lair (6/6) D:11
  Swamp (4/4) Lair:2       Spider (4/4) Lair:4        Slime (5/5) Lair:6
    Orc (2/2) D:9             Elf (3/3) Orc:2        Vaults (5/5) D:14
  Sewer (visited)          Bailey (visited)           IceCv (visited)
Volcano (visited)         Gauntlet (visited)
  Crypt: Vaults:2-3  Depths: D:15

Altars:
Ashenzari
Cheibriados
Elyvilon
Fedhas
Gozag
Hepliaklqana
Kikubaaqudgha
Nemelex Xobeh
Okawaru
Qazlal
Ru
Sif Muna
Vehumet
Wu Jian
Xom
Yredelemnul
Beogh

Shops:
D:4 [}}   D:13 [   Orc:2 ?(!}

Annotations:
Lair:2 exclusion: 3 oklob plants
Lair:5 1 runed translucent door, voshxx's ghost, journeyman GrFi
Spider:3 3 runed translucent doors, Ludwuzim's ghost, adept OpEE; Muiw's ghost, adept DgAE; Puplesowi's ghost, journeyman FeEn; Wympuamu's ghost, journeyman DEFE


Innate Abilities, Weirdness & Mutations

You are too large for most types of armour.
You have claws for hands.
Your natural rate of healing is unusually fast.
((You are covered in fur. (AC +1)))
((You have extremely tough skin. (AC +3)))
You are very clumsy. (Dex -4)
Your body sometimes deteriorates upon taking damage.
You are weak. (Str -2)


Message History

The deep elf demonologist points at you and mumbles some strange words.
You are cast into the Abyss!
To return, you must find a gate leading back.
Killing monsters will force the Abyss to allow you passage.
You feel Cheibriados slowing down the madness of this place.
This branch contains the abyssal rune of Zot.
Found a pair of gloves and 61 gold pieces.
You are suddenly pulled into a different region of the Abyss!
Found a gateway leading out of the Abyss.
There is a gateway leading out of the Abyss here.
Really read
o - 11 scrolls of teleportation {@r3 !r}?
As you read the scroll of teleportation {@r3 !r}, it crumbles to dust.
You feel strangely unstable.
You feel the power of the Abyss delaying your translocation!
You pass through the gate.
Welcome back to the Vaults!
You block the hellwing's attack. x2
You block the ironheart preserver's attack.
You block the deep elf demonologist's attack.
The ancient lich closely misses you. The ironheart preserver misses you.
You block the ancient lich's attack.
The deep elf demonologist hits you but does no damage.
You eviscerate the deep elf demonologist!!!!
You kill the deep elf demonologist!
Cheibriados appreciates the change of pace.
The soul eater disappears in a puff of smoke!
The Brimstone Fiend disappears in a puff of smoke!
The red devil disappears in a puff of smoke!
The hellwing disappears in a puff of smoke!
You feel your intelligence returning. You block the tengu reaver's attack.
You block the ancient lich's attack.
The ironheart preserver mumbles some strange words.
The ironheart preserver begins to accept its allies' injuries.
You claw the ancient lich!
The ancient lich is lightly damaged.
The iron dragon breathes metal splinters at you.
The spray of metal splinters misses you.
You block the titan's attack. The tengu reaver closely misses you.
The ancient lich gestures at you while chanting.
You resist with significant effort.
You block the ironheart preserver's attack.
You claw the ancient lich!
The ancient lich is moderately damaged.
The titan hits you!! You block the ancient lich's attack.
The deep elf high priest barely misses you.
You scratch the ancient lich but do no damage.
The ancient lich is moderately damaged.
You block the tengu reaver's attack.
You block the ironheart preserver's attack.
The titan hits you. You block the ancient lich's attack.
You eviscerate the ancient lich!!!
The ancient lich is moderately damaged.
You block the deep elf high priest's attack.
You block the ironheart preserver's attack.
The titan hits you but does no damage.
The ancient lich touches you but does no damage.
The tengu reaver hits you but does no damage.
You eviscerate the deep elf high priest!!!!
The deep elf high priest is almost dead.
You kill the ironheart preserver!
Cheibriados appreciates the change of pace.
The deep elf high priest utters an invocation to its god.
The deep elf high priest begins emitting a brilliant aura!
The tengu reaver is empowered by the deep elf high priest's aura!
The titan is empowered by the deep elf high priest's aura!
The ancient lich is empowered by the deep elf high priest's aura!
The titan waves its arms in wide circles.
The air twists around and strikes you!!
The ancient lich touches you but does no damage.
The tengu reaver gestures wildly while chanting.
The tengu reaver conjures a globe of magical energy!
A battlesphere comes into view.
You eviscerate the deep elf high priest!!!
You kill the deep elf high priest!
Cheibriados thoroughly appreciates the change of pace.
You block the iron dragon's attack. x2
The iron dragon tramples you but does no damage.
The titan waves its arms in wide circles.
The air twists around and strikes you!
The ancient lich gestures at you while chanting.
The crystal spear hits you!!!!
* * * LOW HITPOINT WARNING * * *
Your body deteriorates!
You feel weakened. You block the tengu reaver's attack.
You mangle the ancient lich!!
The ancient lich is heavily damaged.
You block the titan's attack. You block the ancient lich's attack.
You block the iron dragon's attack. The iron dragon barely misses you.
The iron dragon completely misses you.
You barely miss the ancient lich.
The ancient lich is heavily damaged.
You block the titan's attack.
The ancient lich casts a spell.
The ancient lich seems to speed up.
You block the tengu reaver's attack. You block the iron dragon's attack.
The iron dragon claws you. You block the iron dragon's attack.
You closely miss the ancient lich.
The ancient lich is heavily damaged.
The ancient lich gestures at you while chanting.
The crystal spear hits you!!!!
You die...

... . ...#####.
........
#.....###
#.....#. #....*Q
#...CL#
##...)8########
......D.)......#
...#####.......#
. #......(#
#.(...($#
#...[$).# .#..##
######### .#....
.....


You could see an iron dragon, a titan (empowered), an ancient lich (fast,
empowered), a tengu reaver (empowered) and a battlesphere.

Vanquished Creatures
  the Royal Jelly (Slime:5)
  Margery (Vaults:4)
  Nikola (Elf:3)
  Arachne (Spider:1)
  Rupert (Lair:3)
  2 deep elf master archers (Elf:3)
  2 deep elf blademasters (Elf:3)
  22 acid blobs
  2 thorn hunters (Swamp:4)
  6 azure jellies
  Roxanne (D:14)
  2 fire giants
  A frost giant (Vaults:3)
  4 emperor scorpions
  A balrug (Gauntlet)
  A vault warden (Vaults:1)
  A ghost moth (Spider:4)
  An orc warlord (Orc:2)
  A deep elf sorcerer (Elf:3)
  5 deep elf elementalists
  3 ironheart preservers
  2 stone giants (Vaults:4)
  2 vampire knights (D:14)
  An entropy weaver (Spider:3)
  9 deep elf demonologists
  7 deep elf annihilators (Elf:3)
  Azrael (D:13)
  A minotaur (Gauntlet)
  2 ettins
  7 deep elf death magi
  6 large abominations
  A fire dragon (D:14)
  A great orb of eyes (shapeshifter) (Vaults:3)
  5 death oozes (Slime:5)
  2 yaktaur captains
  2 deep elf high priests
  Harold (Lair:1)
  A rakshasa (Vaults:3)
  2 ice dragons (IceCv)
  Fannar (D:11)
  7 ogre magi
  24 hydras
  A vault guard (Vaults:1)
  2 shambling mangroves
  4 great orbs of eyes
  6 ghost crabs
  Erica (Lair:2)
  5 alligators
  2 centaur warriors (D:13)
  12 two-headed ogres
  8 death scarabs (Spider:4)
  2 tengu warriors (D:15)
  8 dancing weapons
  6 death yaks
  2 spriggan berserkers (Swamp:4)
  6 hell knights (Vaults:4)
  An orc high priest (Elf:1)
  A soul eater (Gauntlet)
  A small abomination (Elf:3)
  Nergalle (Orc:2)
  10 deep elf knights
  2 skeletal warriors
  2 spriggan druids (Swamp:4)
  A deep troll (Vaults:3)
  A sea snake (shapeshifter) (Elf:1)
  19 deep elf archers
  8 swamp dragons
  A wizard (Vaults:3)
  6 ironbrand convokers
  Pikel (D:8)
  3 spectral wolf spiders (Spider:4)
  8 harpies
  14 orb spiders
  8 orc sorcerers
  6 orc knights
  4 wolf spider zombies (Spider:4)
  41 deep elf magi
  A necromancer (Elf:1)
  2 ugly things
  2 shining eyes
  29 wolf spiders
  3 cyclopes
  A manticore (D:15)
  4 moths of wrath
  4 black mambas
  A torpor snail (Spider:3)
  An ice statue (IceCv)
  A black mamba (shapeshifter) (Vaults:4)
  3 eyes of devastation
  A smoke demon (Volcano)
  4 centaur skeletons (D:14)
  6 vault sentinels
  4 rime drakes
  4 spectral redbacks (Spider:4)
  12 cane toads
  A gargoyle (D:13)
  2 yaktaurs
  4 kobold demonologists
  3 freezing wraiths (Vaults:4)
  3 komodo dragons (Lair:3)
  3 redback zombies (Spider:4)
  6 trolls
  12 demonic crawlers
  A queen bee (Spider:4)
  3 meliai (Spider:4)
  Prince Ribbit (D:6)
  3 red devils (Volcano)
  25 jumping spiders
  14 hornets
  A meliai (shapeshifter) (Vaults:3)
  9 tyrant leeches
  7 polar bears
  4 spectral jumping spiders (Spider:4)
  2 spectral tarantellas (Spider:4)
  7 blink frogs (Lair:1)
  A meliai zombie (D:13)
  2 jumping spider zombies (Spider:4)
  A tarantella zombie (Spider:4)
  8 bog bodies
  78 slime creatures
  6 dream sheep (Lair:6)
  7 hippogriffs
  69 redbacks
  An air elemental (Elf:3)
  4 wyverns
  2 shadows
  A water elemental (Elf:3)
  9 yaks
  11 spriggans
  28 tarantellas
  3 vampires (D:14)
  3 fire elementals
  5 basilisks
  A wraith (D:12)
  4 golden eyes (Slime:1)
  A steam dragon (Lair:3)
  A warg (Orc:2)
  13 swamp worms
  31 vampire mosquitoes
  8 insubstantial wisps
  13 water moccasins
  A soldier ant (D:14)
  2 hell hounds (D:13)
  A spectral hornet (Spider:4)
  2 porcupines
  18 ice beasts
  2 black bears
  6 swamp drakes
  36 orc warriors
  3 eyes of draining
  2 sky beasts
  2 necrophages
  4 phantoms
  10 boggarts
  13 ogres
  31 wolves
  13 centaurs
  10 crocodiles
  5 big kobolds
  3 earth elementals
  2 elf zombies (Elf:1)
  11 bullfrogs
  A wyvern zombie (D:10)
  5 scorpions
  26 killer bees
  6 electric eels
  2 centaur zombies
  A quasit (D:7)
  19 orc priests
  4 jellies
  35 orc wizards
  3 hounds
  8 worker ants
  A hound zombie (D:5)
  Robin (D:4)
  A howler monkey zombie (D:11)
  A worker ant zombie (D:6)
  19 adders
  11 gnolls
  3 river rats
  3 shadow imps
  5 white imps
  2 ufetubi
  8 oozes (Sewer)
  A worm (D:4)
  2 dart slugs
  17 leopard geckos
  87 orcs
  6 bats
  22 giant cockroaches
  33 goblins
  19 hobgoblins
  4 jackals (D:10)
  12 kobolds
  A quokka (D:4)
  10 ball pythons
  15 frilled lizards
  A quokka skeleton (D:4)
  8 rats
  A briar patch (Swamp:4)
  2 butterflies
  5 crawling corpses (Elf:3)
1442 creatures vanquished.

Vanquished Creatures (collateral kills)
  A ghost moth (Spider:4)
  A tarantella zombie (Spider:4)
2 creatures vanquished.

Vanquished Creatures (others)
  A hydra (Swamp:1)
  3 deep elf magi
  An orc (Orc:2)
  2 withered plants (Spider:3)
7 creatures vanquished.

Grand Total: 1451 creatures vanquished

Notes
Turn   | Place    | Note
-------+----------+-------------------------------------------
     0 | D:1      | EnegeticOcto the Troll Venom Mage began the quest for the
                  | Orb.
     0 | D:1      | Reached XP level 1. HP: 16/16 MP: 1/1
    37 | D:1      | Reached skill level 1 in Unarmed Combat
    87 | D:1      | Reached XP level 2. HP: 24/24 MP: 2/2
   114 | D:1      | Reached skill level 2 in Unarmed Combat
   258 | D:1      | Reached XP level 3. HP: 31/31 MP: 3/3
   496 | D:1      | Learned a level 2 spell: Poisonous Vapours
   524 | D:2      | Reached skill level 3 in Unarmed Combat
   559 | D:1      | Reached XP level 4. HP: 23/39 MP: 1/4
   571 | D:2      | Reached skill level 4 in Unarmed Combat
   673 | D:2      | Reached XP level 5. HP: 39/45 MP: 0/5
   732 | D:2      | Reached skill level 5 in Unarmed Combat
   762 | D:2      | Found a radiant altar of Vehumet.
  1064 | D:3      | Reached XP level 6. HP: 49/53 MP: 0/6
  1074 | D:3      | Reached skill level 6 in Unarmed Combat
  1119 | D:4      | Found Duhaolew's Gadget Shop.
  1160 | D:4      | Found a sacrificial altar of Ru.
  1271 | D:4      | Noticed Robin
  1304 | D:4      | Killed Robin
  1304 | D:4      | Reached skill level 1 in Shields
  1328 | D:4      | Found Waigi's Gadget Shop.
  1382 | D:4      | Found Molumnuu's Antique Armour Emporium.
  1418 | D:5      | Entered Level 5 of the Dungeon
  1427 | D:5      | Reached skill level 7 in Unarmed Combat
  1427 | D:5      | Reached XP level 7. HP: 59/59 MP: 5/7
  1503 | D:5      | Reached skill level 2 in Shields
  1726 | D:5      | Found a sacrificial altar of Ru.
  1824 | D:5      | Reached skill level 3 in Shields
  1887 | D:6      | Reached skill level 8 in Unarmed Combat
  1887 | D:6      | Reached XP level 8. HP: 12/67 MP: 8/8
  1947 | D:6      | Found a staircase to the Ecumenical Temple.
  1955 | Temple   | Entered the Ecumenical Temple
  1970 | Temple   | Became a worshipper of Cheibriados the Contemplative
  1986 | D:6      | Noticed Prince Ribbit
  1995 | D:6      | Killed Prince Ribbit
  1995 | D:6      | Reached skill level 4 in Shields
  2112 | D:6      | Found a glowing drain.
  2116 | Sewer    | Entered a sewer
  2121 | Sewer    | Reached * piety under Cheibriados
  2210 | Sewer    | Reached ** piety under Cheibriados
  2354 | Sewer    | Reached *** piety under Cheibriados
  2369 | Sewer    | Reached skill level 9 in Unarmed Combat
  2370 | Sewer    | Reached skill level 5 in Shields
  2463 | D:6      | Found a stormy altar of Qazlal.
  2604 | D:7      | Reached skill level 1 in Fighting
  2604 | D:7      | Reached skill level 1 in Invocations
  2637 | D:7      | Reached XP level 9. HP: 71/76 MP: 9/9
  2683 | D:8      | Noticed Pikel
  2696 | D:8      | Killed Pikel
  2696 | D:8      | Reached skill level 2 in Fighting
  2696 | D:8      | Reached skill level 2 in Invocations
  2764 | D:9      | Noticed a troll
  2776 | D:9      | Killed a troll
  2776 | D:9      | Reached skill level 3 in Invocations
  2800 | D:9      | Reached skill level 6 in Shields
  2808 | D:9      | Reached **** piety under Cheibriados
  2832 | D:9      | Reached skill level 3 in Fighting
  2978 | D:8      | Reached skill level 10 in Unarmed Combat
  3071 | D:10     | Entered Level 10 of the Dungeon
  3077 | D:10     | Learned a level 4 spell: Olgreb's Toxic Radiance
  3087 | D:10     | Reached skill level 4 in Invocations
  3103 | D:10     | Reached ***** piety under Cheibriados
  3130 | D:10     | Reached XP level 10. HP: 86/92 MP: 12/12
  3283 | D:10     | Reached skill level 4 in Fighting
  3490 | D:11     | Noticed Fannar
  3509 | D:11     | Killed Fannar
  3509 | D:11     | Reached skill level 7 in Shields
  3509 | D:11     | Reached skill level 5 in Invocations
  3540 | D:11     | Found a flagged portal.
  3573 | Bailey   | Entered a bailey
  3612 | Bailey   | Found an iron altar of Okawaru.
  3612 | Bailey   | Noticed an orc sorcerer
  3614 | Bailey   | Killed an orc sorcerer
  3614 | Bailey   | Reached skill level 5 in Fighting
  3632 | Bailey   | Noticed an orc knight
  3651 | Bailey   | Killed an orc knight
  3651 | Bailey   | Reached skill level 6 in Invocations
  3700 | Bailey   | Noticed an orc knight
  3708 | Bailey   | Killed an orc knight
  3708 | Bailey   | Reached XP level 11. HP: 101/105 MP: 3/14
  3758 | Bailey   | Reached skill level 8 in Shields
  3840 | Bailey   | Reached skill level 6 in Fighting
  4047 | D:11     | Noticed a death yak
  4047 | D:11     | Noticed a six-headed hydra
  4052 | D:11     | Noticed a death yak
  4053 | D:11     | Killed a six-headed hydra
  4053 | D:11     | Reached skill level 7 in Invocations
  4056 | D:11     | Noticed a death yak
  4064 | D:11     | Killed a death yak
  4068 | D:11     | Killed a death yak
  4084 | D:11     | Killed a death yak
  4105 | D:11     | Found a staircase to the Lair.
  4155 | D:11     | Reached skill level 9 in Shields
  4202 | D:12     | Reached skill level 8 in Invocations
  4215 | D:12     | Reached skill level 1 in Transmutations
  4233 | D:12     | Reached skill level 2 in Dodging
  4337 | D:12     | Noticed a four-headed hydra
  4346 | D:12     | Killed a six-headed hydra
  4393 | D:12     | Noticed a six-headed hydra
  4511 | D:12     | Reached skill level 2 in Transmutations
  4511 | D:12     | Reached skill level 3 in Poison Magic
  4785 | D:9      | Reached XP level 12. HP: 115/115 MP: 17/17
  4799 | D:9      | Reached skill level 3 in Dodging
  4812 | D:9      | Found a staircase to the Orcish Mines.
  4864 | Orc:1    | Entered Level 1 of the Orcish Mines
  4941 | Orc:2    | Entered Level 2 of the Orcish Mines
  4950 | Orc:2    | Found a frozen archway.
  4969 | IceCv    | Entered an ice cave
  5175 | IceCv    | Noticed an ice dragon
  5176 | IceCv    | Noticed an ice dragon
  5187 | IceCv    | Killed an ice dragon
  5187 | IceCv    | Reached skill level 7 in Fighting
  5187 | IceCv    | Reached skill level 3 in Transmutations
  5195 | IceCv    | Killed an ice dragon
  5243 | IceCv    | Got a scintillating jade amulet
  5254 | IceCv    | Identified the amulet of the Tarantula {Reflect rElec SH+5}
                  | (You found it in an ice cave)
  5330 | IceCv    | Reached skill level 4 in Poison Magic
  5442 | Orc:1    | Reached skill level 4 in Dodging
  5583 | Orc:2    | Noticed an ogre mage
  5591 | Orc:2    | Killed an ogre mage
  5591 | Orc:2    | Reached skill level 11 in Unarmed Combat
  5604 | Orc:2    | Found Qesomig's Antique Weapon Shoppe.
  5613 | Orc:2    | Found Xiammamn's Magic Scroll Emporium.
  5621 | Orc:2    | Bought a scroll of magic mapping for 38 gold pieces
  5621 | Orc:2    | Bought a scroll of teleportation for 33 gold pieces
  5621 | Orc:2    | Bought a scroll of blinking for 82 gold pieces
  5621 | Orc:2    | Bought a scroll of identify for 22 gold pieces
  5621 | Orc:2    | Bought a scroll of identify for 22 gold pieces
  5621 | Orc:2    | Bought a scroll of silence for 82 gold pieces
  5638 | Orc:2    | Found a radiant altar of Vehumet.
  5638 | Orc:2    | Noticed an ogre mage
  5639 | Orc:2    | Paralysed by an ogre mage for 4 turns
  5646 | Orc:2    | Reached skill level 1 in Evocations
  5654 | Orc:2    | Killed an ogre mage
  5656 | Orc:2    | Noticed an ogre mage
  5669 | Orc:2    | Noticed Nergalle
  5698 | Orc:2    | Killed an ogre mage
  5698 | Orc:2    | Reached ****** piety under Cheibriados
  5698 | Orc:2    | Reached skill level 4 in Transmutations
  5713 | Orc:2    | Killed Nergalle
  5713 | Orc:2    | Reached skill level 2 in Evocations
  5714 | Orc:2    | Found an ancient bone altar of Kikubaaqudgha.
  5720 | Orc:2    | Found a roughly hewn altar of Beogh.
  5720 | Orc:2    | Found Aptisas's Gadget Emporium.
  5743 | Orc:2    | Found Wergh's Distillery.
  5763 | Orc:2    | Bought 2 potions of invisibility for 176 gold pieces
  5763 | Orc:2    | Bought 2 potions of cancellation for 176 gold pieces
  5763 | Orc:2    | Bought a potion of heal wounds for 55 gold pieces
  5763 | Orc:2    | Bought a potion of ambrosia for 88 gold pieces
  5763 | Orc:2    | Bought a potion of lignification for 33 gold pieces
  5763 | Orc:2    | Bought a potion of curing for 33 gold pieces
  5763 | Orc:2    | Bought a potion of curing for 33 gold pieces
  5763 | Orc:2    | Bought a potion of curing for 33 gold pieces
  5777 | Orc:2    | Bought a wand of acid (7) for 330 gold pieces
  5846 | Orc:2    | Noticed an orc warlord
  5854 | Orc:2    | Reached XP level 13. HP: 92/127 MP: 4/18
  5861 | Orc:2    | Killed an orc warlord
  5880 | Orc:2    | Noticed Maurice
  5881 | Orc:2    | Noticed Maurice
  5881 | Orc:2    | Maurice changed into Maurice the big kobold
  5888 | Orc:2    | Killed Maurice the big kobold
  5906 | Orc:2    | Found a staircase to the Elven Halls.
  6103 | Orc:2    | Reached skill level 8 in Fighting
  6387 | Lair:1   | Entered Level 1 of the Lair of Beasts
  6422 | Lair:1   | Reached skill level 9 in Invocations
  6422 | Lair:1   | Reached skill level 3 in Evocations
  6626 | Lair:2   | Found a staircase to the Swamp.
  6682 | Lair:1   | Noticed Harold
  6693 | Lair:1   | Killed Harold
  6761 | Lair:2   | Noticed Erica
  6772 | Lair:2   | Killed Erica
  6989 | Lair:3   | Reached skill level 12 in Unarmed Combat
  7023 | Lair:3   | Reached skill level 4 in Evocations
  7117 | Lair:3   | Noticed Rupert
  7131 | Lair:3   | Killed Rupert
  7177 | Lair:3   | Reached skill level 9 in Fighting
  7388 | Lair:5   | Reached skill level 10 in Invocations
  7440 | Lair:5   | Found a dark tunnel.
  7450 | Volcano  | Entered a volcano
  7527 | Volcano  | Paralysed by an orc sorcerer for 6 turns
  7728 | Lair:5   | Acquired 770 gold pieces
  7730 | Lair:5   | Found a runed translucent door.
  7732 | Lair:5   | Acquired a +0 tower shield of reflection
  7744 | Lair:5   | Found a shimmering altar of Xom.
  7744 | Lair:5   | Noticed voshxx's ghost (journeyman GrFi)
  7744 | Lair:5   | Identified the cursed +0 lajatang of Tipysch {chaos, rPois
                  | rF+ Str+4}
  7768 | Lair:6   | Entered Level 6 of the Lair of Beasts
  7773 | Lair:6   | Reached XP level 14. HP: 70/140 MP: 20/20
  7812 | Lair:6   | Found a staircase to the Slime Pits.
  7838 | Lair:6   | Found a gate leading to a gauntlet.
  7854 | Gauntlet | Entered a Gauntlet
  7854 | Gauntlet | Found a transporter.
  7854 | Gauntlet | Found a transporter.
  7856 | Gauntlet | Found a transporter.
  7856 | Gauntlet | Found a transporter.
  7868 | Gauntlet | Found a transporter.
  7881 | Gauntlet | Found a transporter.
  7883 | Gauntlet | Found a transporter.
  7884 | Gauntlet | Found a transporter.
  7893 | Gauntlet | Found a transporter.
  7910 | Gauntlet | Found a transporter.
  7912 | Gauntlet | Found a transporter.
  7912 | Gauntlet | Found a transporter.
  7912 | Gauntlet | Noticed a balrug
  7927 | Gauntlet | Killed a balrug
  7948 | Gauntlet | Got a clouded bronze ring
  7950 | Gauntlet | Identified the ring "Pumedir" {rPois rF+ Str-4 Int+5 SInv}
                  | (You found it in a Gauntlet)
  8009 | Lair:6   | Reached skill level 4 in Spellcasting
  8009 | Lair:6   | Reached XP level 15. HP: 148/148 MP: 21/21
  8120 | Lair:6   | Reached skill level 13 in Unarmed Combat
  8555 | Lair:4   | Found a hole to the Spider Nest.
  8567 | Lair:4   | Reached skill level 10 in Fighting
  8572 | Spider:1 | Entered Level 1 of the Spider Nest
  8606 | Spider:2 | Noticed Arachne
  8609 | Spider:2 | Reached skill level 11 in Invocations
  8609 | Spider:2 | Reached skill level 1 in Staves
  8628 | Spider:1 | Killed Arachne
  8628 | Spider:1 | Reached skill level 10 in Shields
  8649 | Spider:1 | Reached skill level 2 in Staves
  9179 | Spider:3 | Reached skill level 3 in Staves
  9255 | Spider:3 | Reached XP level 16. HP: 126/161 MP: 1/23
  9389 | Spider:3 | Found a runed translucent gate.
  9389 | Spider:3 | Found a runed translucent gate.
  9389 | Spider:3 | Found a runed translucent gate.
  9391 | Spider:3 | Noticed Muiw's ghost (adept DgAE)
  9391 | Spider:3 | Noticed Ludwuzim's ghost (adept OpEE)
  9391 | Spider:3 | Noticed Puplesowi's ghost (journeyman FeEn)
  9392 | Spider:3 | Noticed Wympuamu's ghost (journeyman DEFE)
  9444 | Spider:3 | Reached skill level 4 in Staves
  9561 | Spider:4 | Entered Level 4 of the Spider Nest
  9808 | Spider:4 | Reached skill level 11 in Fighting
  9818 | Spider:4 | Reached skill level 12 in Invocations
  9983 | Spider:4 | Reached skill level 11 in Shields
 10401 | Spider:4 | Reached skill level 14 in Unarmed Combat
 10422 | Spider:4 | Got a gossamer rune of Zot
 10612 | Lair:4   | Reached XP level 17. HP: 172/172 MP: 15/25
 11077 | Lair:2   | Reached skill level 12 in Fighting
 11131 | Swamp:1  | Entered Level 1 of the Swamp
 11163 | Swamp:1  | Reached skill level 12 in Shields
 11282 | Swamp:2  | Reached skill level 5 in Dodging
 11319 | Swamp:2  | Found an ornate altar of the Wu Jian Council.
 11820 | Swamp:3  | Identified the +1 robe of Repulsion {Int+5 Stlth-} (You
                  | found it on level 3 of the Swamp)
 12047 | Swamp:4  | Entered Level 4 of the Swamp
 12423 | Swamp:4  | Reached skill level 6 in Dodging
 12423 | Swamp:4  | Reached skill level 15 in Unarmed Combat
 12687 | Swamp:4  | Got a decaying rune of Zot
 12827 | Swamp:1  | Reached skill level 5 in Transmutations
 13009 | D:12     | You fall into a shaft and drop 2 floors!
 13009 | D:14     | Noticed Roxanne
 13040 | D:14     | Killed Roxanne
 13053 | D:14     | Learned a level 6 spell: Statue Form
 13080 | D:13     | Reached skill level 1 in Earth Magic
 13143 | D:13     | Reached skill level 2 in Earth Magic
 13311 | D:14     | Reached skill level 3 in Earth Magic
 13315 | D:14     | Reached XP level 18. HP: 179/182 MP: 26/26
 13370 | D:14     | Found a gate to the Vaults.
 13381 | D:14     | Reached skill level 4 in Earth Magic
 13573 | D:15     | Entered Level 15 of the Dungeon
 13645 | D:15     | Found Xidinyat's Assorted Antiques.
 13721 | D:15     | Reached skill level 5 in Earth Magic
 14021 | D:14     | Reached skill level 6 in Earth Magic
 14042 | D:14     | Found the +12 Vampire's Tooth {vamp}
 14055 | D:13     | Found Zeypaunesyi's Armour Boutique.
 14397 | Elf:1    | Entered Level 1 of the Elven Halls
 14461 | Elf:1    | Reached skill level 7 in Earth Magic
 14866 | Elf:2    | Reached skill level 8 in Earth Magic
 14932 | Elf:2    | Reached skill level 9 in Earth Magic
 15067 | Elf:3    | Entered Level 3 of the Elven Halls
 15103 | Elf:3    | Reached skill level 10 in Earth Magic
 15158 | Elf:3    | Noticed Nikola
 15172 | Elf:3    | Killed Nikola
 15235 | Elf:3    | Learned a level 2 spell: Passwall
 15239 | Elf:3    | Learned a level 3 spell: Mephitic Cloud
 15245 | Elf:3    | Learned a level 5 spell: Lee's Rapid Deconstruction
 15337 | Elf:3    | Reached skill level 11 in Earth Magic
 15359 | Elf:3    | Noticed a Brimstone Fiend
 15363 | Elf:3    | Reached skill level 12 in Earth Magic
 15363 | Elf:3    | Reached XP level 19. HP: 153/189 MP: 5/27
 15388 | Elf:3    | Reached skill level 13 in Shields
 15471 | Elf:3    | Noticed a Tzitzimitl
 15479 | Elf:3    | Identified the amulet of Juetoon {Spirit Str+6 Stlth+} (You
                  | found it on level 3 of the Elven Halls)
 15488 | Elf:3    | Found the +2 ratskin cloak {+Rats rPois rN+ Str-1 Int-1
                  | Dex+1}
 15711 | Elf:1    | Identified Kikubaaqudgha's Tome of Unholy Magic
 15845 | D:9      | Upgraded the game from 0.26-a0-365-g11c2b627af to
                  | 0.26-a0-376-g13fbb91ece
 16083 | Slime:1  | Entered Level 1 of the Pits of Slime
 16114 | Slime:2  | Reached skill level 6 in Transmutations
 16168 | Slime:2  | Reached skill level 14 in Shields
 16290 | Slime:4  | Gained mutation: You are clumsy. (Dex -2) [a shining eye]
 16315 | Slime:4  | Gained mutation: You are weak. (Str -2) [a shining eye]
 16315 | Slime:4  | Gained mutation: You are very clumsy. (Dex -4) [a shining
                  | eye]
 16349 | Slime:4  | Learned a level 5 spell: Irradiate
 16357 | Slime:4  | Learned a level 5 spell: Summon Forest
 16358 | Slime:5  | Entered Level 5 of the Pits of Slime
 16419 | Slime:5  | Noticed the Royal Jelly
 16437 | Slime:5  | Killed the Royal Jelly
 16437 | Slime:5  | Reached skill level 15 in Shields
 16445 | Slime:5  | Reached skill level 7 in Transmutations
 16451 | Slime:5  | Reached skill level 13 in Fighting
 16458 | Slime:5  | Reached XP level 20. HP: 90/202 MP: 9/28
 16475 | Slime:5  | Got a slimy rune of Zot
 16477 | Slime:5  | Identified the amulet "Rouhown" {Spirit rC- Str+5 Slay+6}
                  | (You found it on level 5 of the Pits of Slime)
 16503 | Slime:5  | Identified the Papyrus of the Birds
 16536 | Slime:5  | Gained mutation: Your body sometimes deteriorates upon
                  | taking damage. [a shining eye]
 16559 | Slime:5  | Identified the ring "Ymoampam" {rElec EV+4} (You found it
                  | on level 5 of the Pits of Slime)
 16561 | Slime:5  | Identified the ring "Loxin" {rElec rC+ Str+4 Int+2} (You
                  | found it on level 5 of the Pits of Slime)
 16805 | D:11     | You fall into a shaft and drop 2 floors!
 16836 | D:13     | Noticed Azrael
 16843 | D:13     | Killed Azrael
 16941 | Vaults:1 | Entered Level 1 of the Vaults
 16957 | Vaults:1 | Reached skill level 1 in Translocations
 16980 | Vaults:1 | Reached skill level 1 in Summonings
 17006 | Vaults:1 | Reached skill level 7 in Dodging
 17338 | Vaults:3 | Reached skill level 2 in Translocations
 17342 | Vaults:3 | Reached skill level 2 in Summonings
 17559 | Vaults:3 | Reached skill level 16 in Unarmed Combat
 17596 | Vaults:4 | Noticed Margery
 17611 | Vaults:4 | Killed Margery
 17611 | Vaults:4 | Reached skill level 3 in Summonings
 17611 | Vaults:4 | Reached skill level 3 in Translocations
 17932 | Vaults:5 | Entered Level 5 of the Vaults
 17955 | Vaults:5 | Noticed an ancient lich
 17960 | Vaults:5 | Cast into level 3 of the Abyss (a deep elf demonologist)
 17966 | Vaults:5 | Escaped the Abyss
 17976 | Vaults:5 | Killed from afar by an ancient lich

Illustrated notes

Levels and vault maps discovered:
D:1:      erik_arrival_blinker_ship, layout_basic
D:2:      layout_rooms, vehumet_crystals
D:3:      layout_basic, minmay_fractal_squares_5
D:4:      layout_gridville, kennysheep_mini, serial_shops,
          nicolae_shop_statue_plus, nicolae_shop_crystal, shop, shop, uniq_robin
D:5:      layout_loops_corners, nicolae_ru_awakened_eye
D:6:      layout_cave_pools, nicolae_qazlal_style_of_elements,
          minmay_temple_entry_ruins, gup_sewer_entry_spiral,
          serial_column_ruins, column_ruins_circle_medium, column_ruins_grid_4,
          column_ruins_open_small, column_ruins_open_tiny,
          column_ruins_open_tiny, column_ruins_grid_1, column_ruins_open_tiny,
          uniq_prince_ribbit1
D:7:      layout_basic, tso_metal_star, gammafunk_temple_overflow_elements,
          serial_shops, nicolae_shop_crystal
D:8:      layout_basic, kennysheep_generic_room_7, uniq_pikel
D:9:      layout_small_grid, david_orc_1_choice, serial_shops,
          nicolae_shop_behind_doors, hangedman_decor_points
D:10:     layout_basic
D:11:     layout_roguey, dpeg_lair_monsters, enter_bailey_3, fountainhead,
          centaur_isle, uniq_fannar
D:12:     layout_irregular_city, patterned_corridor
D:13:     layout_roguey, serial_shops, nicolae_shop_waterfront,
          nrook_mini_backslash, grunt_ogre_cave, hangedman_decor_opposing,
          drop_trap, lightli_corner_chamber, uniq_azrael
D:14:     layout_stronghold, hangedman_vaults_entry_quadrant_bands,
          roderic_serpentine_path, minivault_19,
          minmay_guarded_unrand_vampires_tooth, uniq_roxanne
D:15:     grunt_enter_depths_snipers, layout_basic, serial_shops, shop,
          dk_noncrumbling_4, lemuel_blue_sif_altar, uniq_agnes
Temple:   nicolae_temple_x_marks_the_god
Lair:1:   layout_gridlike, st_stairs_13, grunt_megastairs_4,
          serial_bayou_shore_b, uniq_harold
Lair:2:   dpeg_oklob_gauntlet, layout_gridlike, skrybe_swamp_entry_bodies,
          lemuel_fruit_fields, grunt_megastairs_1, serial_bayou_shore_b,
          uniq_erica
Lair:3:   layout_misc_corridors, lemuel_fruit_tree, uniq_rupert
Lair:4:   layout_regular_city, nicolae_spider_entry_orb_guardian,
          lemuel_fruit_fields, serial_bayou_shore_b
Lair:5:   layout_regular_city, nicolae_volcano_entry_two_sided,
          ebering_ghost_xom
Lair:6:   minmay_lair_end_enchanted_forest, layout_cave_pods, slime_dummy,
          gauntlet_entry_generic
Swamp:1:  layout_basic_swamp, hangedman_swamp_lotus
Swamp:2:  layout_basic_swamp, lemuel_altar_in_water, swamp_pool3
Swamp:3:  layout_basic_swamp, evilmike_swamp_ruin_house_3, swamp_pool1,
          infiniplex_staircase_pool
Swamp:4:  swamp_basic_johnstein, layout_basic_swamp, swamp_pool3,
          nicolae_swamp_rocky_clearing
Spider:1: layout_spider_delve, uniq_asterion
Spider:2: layout_spider_delve, drop_trap, uniq_arachne
Spider:3: layout_spider_delve, gammafunk_ghost_cemetery
Spider:4: floodkiller_spider_rune_tomb, special_room [special_room_bee]
Slime:1:  layout_caves
Slime:2:  layout_caves
Slime:3:  cheibrodos_slime_lost_civilization_8, layout_caves
Slime:4:  layout_caves
Slime:5
Orc:1:    layout_caves
Orc:2:    kennysheep_orc_mage_school, layout_diamond_mine,
          portal_ice_cave_entry_pillars_2, uniq_maurice
Elf:1:    layout_geoelf_grid, minmay_elf_necromancy, minmay_shop_grove
Elf:2:    layout_loops_corners
Elf:3:    grunt_elf_hall_asides, layout_geoelf_grid, serial_shops,
          nicolae_shop_crystal, uniq_nikola
Vaults:1: hangedman_vaults_impose, vaults_room_grid, nicolae_vaults_quadrants,
          hangedman_vaults_slither, vaults_room_grunt_arrival_ludios,
          ontoclasm_vaults_ring_square, hangedman_vaults_slice,
          nicolae_vaults_little_ls, nicolae_vaults_little_squares_3,
          layout_vaults_omnigrid
Vaults:2: serial_ice_m, vaults_dpeg_encased_lava, nicolae_vaults_network_star,
          hangedman_vaults_stitches, nicolae_vaults_theta, v_misc_25,
          hangedman_vaults_variations, v_misc_13, vaults_room_semicircle,
          nicolae_vaults_shelves_hall, ontoclasm_vaults_pinch, vaults_mumra_lcd,
          vaults_dpeg_cross, ontoclasm_vaults_ring_small, layout_vaults_omnibox,
          uniq_donald
Vaults:3: hangedman_vaults_trim, minmay_crypt_entry_simple_statues, v_pattern_5,
          v_rooms_1, v_rooms_3, ontoclasm_vaults_ring_small,
          nicolae_vaults_alarming, hangedman_vaults_stretched_pinwheel,
          v_misc_24, v_misc_24, nicolae_vaults_little_squares_3,
          nicolae_vaults_little_squares_6, nicolae_vaults_little_squares_5,
          dpeg_vaults_monster_box, layout_vaults_big_cross
Vaults:4: hangedman_vaults_capsules, st_lines, v_misc_14, vaults_room_grid,
          vaults_room_corners, ontoclasm_vaults_eye, v_alt_pattern_4,
          hangedman_vaults_locks, hangedman_vaults_stream,
          ontoclasm_vaults_claustrophobia, vaults_room_octagon,
          hangedman_vaults_restitches, vaults_dpeg_ring, layout_vaults_ring,
          serial_shops, nicolae_shop_trees, uniq_margery
Vaults:5: serial_shops, uniq_xtahua

Skill      XL: |  1  2  3  4  5  6  7  8  9 10 11 12 13 14 15 16 17 18 19 20 |
---------------+-------------------------------------------------------------+-----
Unarmed Combat | 1 2 3 4 5 7 8 9 10 11 12 13 14 15 16 | 16.3
Shields        | 1 3 5 6 7 9 10 11 12 15 | 15.0
Fighting       | 1 3 5 6 7 9 10 11 12 13 | 13.9
Invocations    | 1 4 6 8 10 11 12 | 12.0
Transmutations | 2 4 5 7 |  7.0
Dodging        | 2 4 6 7 |  7.8
Poison Magic   | 3 4 |  4.0
Evocations     | 2 4 |  4.0
Spellcasting   | 4 |  4.2
Staves         | 3 4 |  4.1
Earth Magic    | 3 12 | 12.0
Translocations | 3 |  3.3
Summonings     | 3 |  3.3
Stealth        | |  1.0

Action                   |  1- 3 |  4- 6 |  7- 9 | 10-12 | 13-15 | 16-18 | 19-21 || total
-------------------------+-------+-------+-------+-------+-------+-------+-------++-------
Melee: Unarmed           |   105 |   136 |   516 |   553 |   517 |  1238 |   484 ||  3549
Throw: Dart              |       |       |       |    22 |    14 |       |     5 ||    41
       Throwing net      |       |       |       |       |     3 |       |     5 ||     8
       Javelin           |       |       |       |       |       |    16 |     3 ||    19
 Cast: Sting             |     2 |    12 |     4 |       |     6 |     3 |       ||    27
       Poisonous Vapours |     1 |     9 |    16 |    26 |    19 |    26 |       ||    97
       Olgreb's Toxic Ra |       |       |       |    16 |    61 |   102 |     1 ||   180
       Statue Form       |       |       |       |       |       |     6 |    27 ||    33
       Passwall          |       |       |       |       |       |     2 |    18 ||    20
Invok: Slouch            |       |       |       |     8 |    22 |    35 |     8 ||    73
       Temporal Distorti |       |       |       |     2 |       |     1 |     1 ||     4
       Bend Time         |       |       |       |     1 |     1 |     4 |       ||     6
       Step From Time    |       |       |       |       |       |       |     1 ||     1
 Abil: Evoke Flight      |       |       |       |       |       |     6 |       ||     6
       End Transformatio |       |       |       |       |       |       |     3 ||     3
Evoke: Wand              |       |       |       |       |    15 |    23 |       ||    38
       Box of beasts     |       |       |       |       |       |     1 |       ||     1
       Tin of tremorston |       |       |       |       |       |       |     5 ||     5
  Use: Scroll            |       |       |    10 |    17 |     7 |    14 |    18 ||    66
       Potion            |       |       |       |     6 |     5 |    10 |     3 ||    24
 Stab: Sleeping          |     1 |       |     3 |     1 |     1 |     5 |     8 ||    19
       Held in net/web   |       |       |       |       |     1 |       |     1 ||     2
       Distracted        |       |       |       |       |       |     3 |       ||     3
Armor: Robe              |    69 |    45 |   111 |    33 |     5 |       |       ||   263
       Troll leather arm |       |       |       |    87 |   244 |   433 |     5 ||   769
       Skin              |       |       |       |    22 |     7 |   108 |   217 ||   354
Dodge: Dodged            |    61 |    44 |   111 |   158 |   306 |   520 |   226 ||  1426
Block: Other             |    14 |    27 |       |       |       |       |       ||    41
       Kite shield       |       |    20 |   373 |   446 |   213 |       |       ||  1052
       Reflection        |       |       |     2 |    27 |     2 |    91 |    47 ||   169
       Tower shield      |       |       |       |       |   406 |  1771 |   824 ||  3001

Table legend: (Time is in decaauts)
 A = Elapsed time spent in this place.
 B = Non-inter-level travel time spent in this place.
 C = Inter-level travel time spent in this place.
 D = Time resting spent in this place.
 E = Time spent auto-exploring this place.
 F = Levels seen in this place.
 G = Mean time per level.
                   A        B        C        D        E       F      G
               +--------+--------+--------+--------+--------+-----+--------+
         Total |  28002 |  26449 |   1553 |     10 |    370 |  51 |  549.1 |
       Dungeon |   8002 |   7446 |    556 |      0 |    313 |  15 |  533.5 |
        Temple |     16 |     16 |      0 |      0 |      0 |   1 |   16.0 |
          Lair |   4861 |   4500 |    361 |      0 |      0 |   6 |  810.2 |
         Swamp |   2773 |   2689 |     84 |     10 |      0 |   4 |  693.2 |
   Spider Nest |   3238 |   2967 |    271 |      0 |      0 |   4 |  809.5 |
    Slime Pits |    938 |    938 |      0 |      0 |      0 |   5 |  187.6 |
  Orcish Mines |   1964 |   1690 |    274 |      0 |     57 |   2 |  982.0 |
   Elven Halls |   2379 |   2373 |      6 |      0 |      0 |   3 |  793.0 |
        Vaults |   1932 |   1932 |      0 |      0 |      0 |   5 |  386.4 |
         Abyss |     12 |     12 |      0 |      0 |      0 |   1 |   12.0 |
         Sewer |    384 |    384 |      0 |      0 |      0 |   1 |  384.0 |
        Bailey |    541 |    541 |      0 |      0 |      0 |   1 |  541.0 |
      Ice Cave |    565 |    565 |      0 |      0 |      0 |   1 |  565.0 |
       Volcano |    183 |    183 |      0 |      0 |      0 |   1 |  183.0 |
      Gauntlet |    205 |    205 |      0 |      0 |      0 |   1 |  205.0 |
               +--------+--------+--------+--------+--------+-----+--------+
